 Dungeon Crawl Stone Soup version 0.30.0-29-ga12c61a403 (webtiles) character file.

Game seed: 13416662520138505425

4816 seaoflcl the Cleaver (level 10, -2/88 HPs)
             Began as a Minotaur Fighter on June 6, 2023.
             Was an Initiate of Okawaru.
             Slain by Snorg (12 damage)
             ... on level 10 of the Dungeon.
             The game lasted 00:15:25 (9573 turns).

seaoflcl the Cleaver (Minotaur Fighter)             Turns: 9573, Time: 00:15:26

Health: -2/88      AC: 20    Str: 25    XL:     10   Next: 24%
Magic:  9/9        EV:  7    Int:  5    God:    Okawaru [......]
Gold:   742        SH:  5    Dex: 10    Spells: 9/9 levels left

rFire   . . .        R - +6 morningstar
rCold   . . .        c - +0 buckler
rNeg    . . .        O - +0 plate armour
rPois   .            (helmet restricted)
rElec   .            f - scarf {+Inv}
rCorr   .            (no gloves)
SInv    .            G - +1 pair of boots {Fly}
Will    .....        (no amulet) Stlth
                     j - +4 ring of protection
HPRegen 0.34/turn    g - +4 ring of slaying
MPRegen 0.11/turn

%: no passive effects
@: flying
A: horns 2, retaliatory headbutt
a: Renounce Religion, Evoke Invisibility


You were on level 10 of the Dungeon.
You worshipped Okawaru.
Okawaru was noncommittal.
You visited 2 branches of the dungeon, and saw 11 of its levels.
You also visited: Ossuary.

You collected 742 gold pieces.

Inventory:

Hand Weapons
 a - a +0 war axe
 q - a +5 halberd
 y - a +4 falchion
 H - a +2 short sword of electrocution
 I - a +0 shortbow
 J - a +2 falchion of freezing
 K - a +4 short sword
 Q - a +3 long sword
 R - a +6 morningstar (weapon)
Missiles
 x - 15 poisoned darts (quivered)
 A - 14 boomerangs
 N - 7 curare-tipped darts
Armour
 c - a +0 buckler (worn)
 f - a scarf of invisibility (worn)
 G - a +1 pair of boots of flying (worn)
 O - a +0 plate armour (worn)
Jewellery
 g - a +4 ring of slaying (right hand)
 j - a +4 ring of protection (left hand)
 P - a ring of resist corrosion
 S - an amulet of faith
 T - a ring of see invisible
Wands
 L - a wand of charming (12)
 M - a wand of quicksilver (2)
Scrolls
 b - a scroll of enchant armour {unknown}
 d - a scroll of butterflies {unknown}
 h - 2 scrolls of fog {unknown}
 i - 3 scrolls of teleportation
 l - 2 scrolls of acquirement {unknown}
 m - 2 scrolls of fear {unknown}
 n - 2 scrolls of magic mapping
 w - 2 scrolls of amnesia {unknown}
 B - 3 scrolls of blinking {unknown}
 E - a scroll of silence {unknown}
 F - 2 scrolls of immolation {unknown}
Potions
 k - 3 potions of brilliance
 o - 5 potions of curing
 p - 2 potions of might
 r - 4 potions of degeneration
 s - 5 potions of mutation
 t - 3 potions of berserk rage {unknown}
 u - 2 potions of lignification {unknown}
 v - 3 potions of haste {unknown}
 z - 3 potions of flight {unknown}
 C - a potion of cancellation {unknown}
 D - a potion of ambrosia {unknown}


   Skills:
 + Level 8.1 Fighting
 + Level 5.5 Long Blades
 - Level 8.6(8.8) Axes
 * Level 2.2(5.9) Maces & Flails
 + Level 4.2 Ranged Weapons
 + Level 4.8 Throwing
 + Level 8.2 Armour
 + Level 8.1 Shields


You had 9 spell levels left.
You didn't know any spells.
Your spell library contained the following spells:

 Spells                   Type           Power      Damage    Failure   Level
 Apportation              Tloc           0%         N/A       100%        1
 Beastly Appendage        Tmut           0%         N/A       100%        1
 Freeze                   Ice            0%         1d3       100%        1
 Necrotise                Necr           0%         1d4       100%        1
 Poisonous Vapours        Pois/Air       0%         N/A       100%        2
 Wereblood                Tmut           0%         N/A       100%        2
 Frozen Ramparts          Ice            0%         1d1       100%        3
 Hailstorm                Conj/Ice       0%         3d3       100%        3
 Mephitic Cloud           Conj/Pois/Air  0%         N/A       100%        3
 Ozocubu's Armour         Ice            0%         N/A       100%        3
 Spider Form              Tmut/Pois      0%         N/A       100%        3
 Leda's Liquefaction      Hex/Erth       0%         N/A       100%        4
 Borgnjor's Vile Clutch   Necr/Erth      0%         N/A       100%        5
 Freezing Cloud           Conj/Ice/Air   0%         6-21      100%        5
 Lee's Rapid Deconstruct  Erth           0%         3d4*      100%        5
 Statue Form              Tmut/Erth      0%         N/A       100%        6
 Ozocubu's Refrigeration  Ice            0%         4d7       100%        7
 Summon Small Mammal      Summ           Unusable   N/A       N/A         1
 Animate Dead             Necr           Unusable   N/A       N/A         4
 Death Channel            Necr           Unusable   N/A       N/A         6

Dungeon Overview and Level Annotations

Branches:
Dungeon (10/15)            Temple (1/1) D:6         Ossuary (visited)
   Lair: D:8-11         Orc: D:9-12

Altars:
Ashenzari
Cheibriados
Dithmenos
Elyvilon
Fedhas
Gozag
Hepliaklqana
Kikubaaqudgha
Nemelex Xobeh
Okawaru
Qazlal
Ru
Sif Muna
Trog
Uskayaw
Vehumet
Wu Jian
Yredelemnul
Zin
The Shining One

Shops:
D:4 :   D:7 :

Annotations:
D:10 Snorg


Innate Abilities, Weirdness & Mutations

You have a pair of horns on your head.
You reflexively headbutt those who attack you in melee.


Message History

* * * LOW HITPOINT WARNING * * *
You block Snorg's attack. Snorg claws you but does no damage.
You feel much better. Snorg bites you! Snorg claws you but does no damage. x2
Snorg bites you. Snorg claws you!
* * * LOW HITPOINT WARNING * * *
Snorg barely misses you.
You feel much better.
The centaur simulacrum hits you but does no damage.
The centaur simulacrum barely misses you.
Snorg barely misses you. You furiously retaliate!
You headbutt Snorg. Snorg barely misses you.
Snorg claws you but does no damage.
The centaur simulacrum closely misses you.
You block the centaur simulacrum's attack.
Okay, then.
You puncture Snorg! Your headbutt misses Snorg.
Snorg is severely wounded.
Snorg bites you!!
* * * LOW HITPOINT WARNING * * *
Snorg claws you but does no damage. Snorg completely misses you.
The centaur simulacrum barely misses you.
The centaur simulacrum kicks you but does no damage.
Snorg bites you!
* * * LOW HITPOINT WARNING * * *
Snorg claws you but does no damage. Snorg claws you.
* * * LOW HITPOINT WARNING * * *
You feel much better.
The centaur simulacrum hits you but does no damage.
The centaur simulacrum kicks you but does no damage.
Snorg bites you!
* * * LOW HITPOINT WARNING * * *
Snorg closely misses you. Snorg claws you!
* * * LOW HITPOINT WARNING * * *
The centaur simulacrum hits you but does no damage.
The centaur simulacrum kicks you but does no damage.
You feel much better. You block Snorg's attack. Snorg claws you!
* * * LOW HITPOINT WARNING * * *
Snorg claws you!
* * * LOW HITPOINT WARNING * * *
Snorg barely misses you. Snorg claws you!
You die...

...# ...# ...#
...########
...........
........... ..........
##....#############
..........#.....@.#
..........#....TZ.#
..........#.......#..
+#####.......(.....§§§
#........#####.§§.
######......# ≈.§.
#...........# ~..
#...(.......# ##.
#############


You could see Snorg (berserk, very poisoned) and a centaur simulacrum.

Vanquished Creatures
  A troll (D:9)
  Grinder (D:5)
  A wraith (D:9)
  A wyvern (D:6)
  A steam dragon (D:9)
  A water moccasin (D:6)
  Duvessa (D:7)
  3 ice beasts
  2 orc warriors (D:9)
  2 sky beasts (D:7)
  A black bear (D:7)
  4 ogres
  3 centaurs
  3 kobold brigands
  2 bullfrogs (D:9)
  2 scorpions
  16 wights
  Dowan (D:7)
  5 howler monkeys
  2 orc priests
  3 jellies
  2 gnoll boudas
  2 hounds (D:6)
  7 iguanas
  6 orc wizards
  8 mummies (Ossuary)
  8 gnolls
  6 adders
  An ufetubus (D:5)
  2 worms (D:4)
  A dart slug (D:5)
  32 orcs
  7 endoplasms
  2 giant cockroaches
  11 goblins
  7 hobgoblins
  4 jackals (D:2)
  30 kobolds
  3 quokkas
  3 ball pythons
  6 bats
  3 frilled lizards
  2 gnoll zombies (Ossuary)
  A hobgoblin zombie (Ossuary)
  A kobold zombie (Ossuary)
  4 orc zombies (Ossuary)
  5 rats
220 creatures vanquished.

Notes
Turn   | Place    | Note
-------+----------+-------------------------------------------
     0 | D:1      | seaoflcl the Minotaur Fighter began the quest for the Orb.
     0 | D:1      | Reached XP level 1. HP: 19/19 MP: 0/0
   209 | D:1      | Reached XP level 2. HP: 27/27 MP: 1/1
   951 | D:2      | Reached XP level 3. HP: 27/33 MP: 2/2
  1170 | D:2      | You fall into a shaft and drop 2 floors!
  1174 | D:4      | Noticed a scorpion
  1175 | D:4      | Found Pejior's Vocational Training.
  1182 | D:4      | Killed a scorpion
  1183 | D:4      | Reached XP level 4. HP: 29/40 MP: 3/3
  1229 | D:4      | Noticed a centaur
  1237 | D:4      | Killed a centaur
  1238 | D:4      | Reached XP level 5. HP: 16/47 MP: 4/4
  1359 | D:4      | Found a sand-covered staircase.
  1369 | Ossuary  | Entered an ossuary
  1600 | Ossuary  | Reached skill level 5 in Axes
  1634 | Ossuary  | Reached XP level 6. HP: 9/55 MP: 5/5
  2197 | D:4      | Reached skill level 5 in Fighting
  2197 | D:4      | Reached skill level 5 in Armour
  2197 | D:4      | Reached skill level 5 in Shields
  2969 | D:3      | Reached XP level 7. HP: 59/61 MP: 6/6
  3133 | D:3      | Reached skill level 1 in Throwing
  3983 | D:5      | Entered Level 5 of the Dungeon
  4384 | D:5      | Found a glowing golden altar of the Shining One.
  4769 | D:5      | Noticed Grinder
  4800 | D:5      | Killed Grinder
  4801 | D:5      | Reached XP level 8. HP: 55/70 MP: 7/7
  5212 | D:6      | Found a staircase to the Ecumenical Temple.
  5230 | Temple   | Entered the Ecumenical Temple
  5810 | D:6      | Reached skill level 1 in Ranged Weapons
  5819 | D:6      | Reached XP level 9. HP: 21/78 MP: 8/8
  6036 | D:6      | Reached skill level 1 in Long Blades
  6263 | D:6      | Found a hide-covered altar of Uskayaw.
  6539 | D:7      | Noticed Dowan
  6550 | D:7      | Killed Dowan
  6551 | D:7      | Noticed Duvessa
  6563 | D:7      | Killed Duvessa
  6825 | D:7      | Found Yngice's Book Boutique.
  7886 | D:8      | Found an ornate altar of the Wu Jian Council.
  8396 | D:9      | Reached skill level 5 in Long Blades
  8409 | D:9      | Reached XP level 10. HP: 64/88 MP: 9/9
  8579 | D:9      | Reached skill level 1 in Maces & Flails
  9131 | D:9      | Found an iron altar of Okawaru.
  9431 | D:9      | Became a worshipper of Warmaster Okawaru
  9529 | D:10     | Entered Level 10 of the Dungeon
  9555 | D:10     | Noticed Snorg
  9573 | D:10     | Slain by Snorg

Illustrated notes

Levels and vault maps discovered:
D:1:      tarquinn_simple_flora_water_d, layout_loops_corners,
          minmay_misc_feat_plants, minmay_misc_feat_square
D:2:      layout_loops_ring, minmay_misc_feat_iff, hangedman_glass_teeth
D:3:      layout_basic, hex_intersection, minmay_misc_feat_rows
D:4:      layout_rooms, nicolae_ossuary_entry_ruins, nicolae_shop_vocational
D:5:      layout_loops_corners, tso_altar, minivault_23, minivault_27,
          kennysheep_big_empty_room, uniq_grinder
D:6:      layout_loops_cross, kennysheep_mini_moat, temple_doors_e,
          kennysheep_generic_room_14
D:7:      layout_loops_ring, serial_shops, shop, reono_crystal_passage,
          uniq_duvessa
D:8:      layout_cave_pools, mainiacjoe_overflow_cross_hatched
D:9:      layout_loops_ring, marbit_many_paths
D:10:     layout_grid_maze, grunt_temple_overflow_champion_of_chaos,
          lair_entry_dummy, serial_shops, shop, serial_ice, serial_ice_n,
          serial_ice_f, serial_ice_m, serial_ice_k, uniq_maurice, uniq_snorg
Temple:   eino_temple_rhombus

Skill      XL: |  1  2  3  4  5  6  7  8  9 10 |
---------------+-------------------------------+-----
Axes           | 3 4 5 6 7 8 |  8.6
Fighting       | 4 5 6 7 8 |  8.1
Armour         | 4 5 6 7 8 |  8.2
Shields        | 4 5 6 7 8 |  8.1
Throwing       | 2 3 4 |  4.8
Ranged Weapons | 1 3 4 |  4.2
Long Blades    | 5 |  5.5
Maces & Flails | 2 |  2.2

Action                     |  1- 3 |  4- 6 |  7- 9 | 10-12 || total
---------------------------+-------+-------+-------+-------++-------
  Melee: War axe           |    68 |    90 |   144 |       ||   302
         Headbutt          |     7 |    23 |    59 |    17 ||   106
         Falchion          |       |       |   174 |    17 ||   191
         Morningstar       |       |       |       |    42 ||    42
  Throw: Dart              |       |       |     8 |    14 ||    22
    Use: Potion            |       |     1 |     1 |     4 ||     6
         Scroll            |       |     3 |     1 |     2 ||     6
 Armour: Scale mail        |    37 |     8 |       |       ||    45
         Chain mail        |       |    31 |   151 |       ||   182
         Plate armour      |       |       |    20 |    40 ||    60
  Dodge: Dodged            |    24 |    28 |   112 |    27 ||   191
  Block: Buckler           |    13 |    16 |    73 |    19 ||   121
